 Dungeon Crawl Stone Soup version 0.27.1-4-g1640c2035a (webtiles) character file.

Game seed: 15655821342749189060

70 MisterFreud the Skirmisher (level 4, -1/44 HPs)
             Began as a Minotaur Abyssal Knight on Nov 17, 2021.
             Was a Believer of Lugonu.
             Slain by Natasha (3 damage)
             ... on level 2 of the Dungeon.
             The game lasted 00:01:39 (1579 turns).

MisterFreud the Skirmisher (MiAK)                   Turns: 1579, Time: 00:01:40

Health: -1/44      AC:  2    Str: 17    XL:     4   Next: 3%
Magic:  4/4        EV: 11    Int:  9    God:    Lugonu [**....]
Gold:   97         SH:  0    Dex: 10    Spells: 3/3 levels left

rFire    . . .     SeeInvis .   a - +1 falchion
rCold    . . .     Faith    .   (no shield)
rNeg     . . .     Spirit   .   b - +0 leather armour
rPois    .         Reflect  .   (helmet restricted)
rElec    .         Harm     .   c - +0 cloak
rCorr    .         Rampage  .   (no gloves)
Will     .....                  (no boots)
Stlth    +.........             (no amulet)
HPRegen  0.14/turn              (no ring)
MPRegen  0.09/turn              (no ring)

@: mighty
A: horns 2, retaliatory headbutt, deformed body, screaming 1
a: Renounce Religion, Depart the Abyss, Bend Space


You were on level 2 of the Dungeon.
You worshipped Lugonu.
Lugonu was pleased with you.
You visited 1 branch of the dungeon, and saw 2 of its levels.
You visited the Abyss 1 time.

You collected 97 gold pieces.

Inventory:

Hand Weapons
 a - a +1 falchion (weapon)
Armour
 b - a +0 leather armour (worn)
 c - a +0 cloak (worn)
Jewellery
 i - an amulet of guardian spirit
Scrolls
 d - a scroll of blinking {unknown}
 e - 2 scrolls of identify {unknown}
 g - a scroll of magic mapping {unknown}
 h - 2 scrolls of enchant armour {unknown}
Potions
 j - a potion of might


   Skills:
 + Level 6.0 Fighting
 - Level 2.4 Long Blades
 - Level 2.4 Armour
 - Level 1.1 Dodging
 - Level 1.7 Invocations


You had 3 spell levels left.
You didn't know any spells.
Your spell library was empty.

Dungeon Overview and Level Annotations

Branches:
Dungeon (2/15)

Altars:

Annotations:
D:2 Natasha


Innate Abilities, Weirdness & Mutations

You have a pair of horns on your head.
You reflexively headbutt those who attack you in melee.
Armour fits poorly on your strangely shaped body.
You occasionally shout uncontrollably at your foes.


Message History

The slug dart hits you.
You barely miss Natasha. You headbutt Natasha!
Natasha is severely wounded.
Natasha claws you!
* * * LOW HITPOINT WARNING * * *
The dart slug misses you. Natasha closely misses you.
Unknown command.
You aren't carrying any items that you can evoke.
Okay, then.
Unknown command.
It was a potion of might.
You feel very mighty all of a sudden.
Natasha casts a spell.
It was a potion of mutation.
You feel extremely strange.
Your body twists and deforms.
You feel the urge to shout.
Natasha casts a spell.
You barely miss the dart slug. You headbutt the dart slug!
You kill the dart slug!
Lugonu accepts your kill.
You slash the shadow imp!
You kill the shadow imp!
Natasha closely misses you.
You slash Natasha!
You kill Natasha!
Lugonu accepts your kill.
Natasha screams in pain as she dies!
The crimson imp disappears in a puff of smoke!
Your Fighting skill increases to level 6!
You have reached level 4!
You feel agile.
You start resting.
Natasha, Servant of Life and Death comes into view.
Natasha mumbles some strange words.
You feel troubled. Natasha claws you!
* * * LOW HITPOINT WARNING * * *
You hit Natasha. Your headbutt misses Natasha.
Natasha is moderately wounded.
Natasha claws you.
You die...

#. #.# #..# ...
#####.######..#
....##.............#
........##.#####...#
........†..........#
####$..#..#####.#.#
# ##.##.## #.#.# #
####.##.######.#.# #
.......@.........#
########
.######h##########
...(.... #.#
####.### ..# ###


You could see Natasha.

Vanquished Creatures
  Natasha (D:2)
  A worm (D:2)
  A dart slug (D:2)
  5 endoplasms
  A giant cockroach (D:1)
  5 goblins
  3 hobgoblins
  4 jackals (D:1)
  2 quokkas
  A ball python (D:1)
  5 bats
  4 frilled lizards
  2 kobolds (D:1)
  3 rats
38 creatures vanquished.

Notes
Turn   | Place    | Note
-------+----------+-------------------------------------------
     0 | Abyss:1  | MisterFreud the Minotaur Abyssal Knight began the quest for
                  | the Orb.
     0 | Abyss:1  | Reached XP level 1. HP: 19/19 MP: 1/1
    21 | D:1      | Escaped the Abyss
    91 | D:1      | Reached skill level 4 in Fighting
   259 | D:1      | Reached XP level 2. HP: 28/28 MP: 2/2
   660 | D:1      | Reached ** piety under Lugonu
   829 | D:1      | Reached skill level 5 in Fighting
   903 | D:1      | Found a faded altar of an unknown god.
  1155 | D:2      | Reached XP level 3. HP: 36/36 MP: 3/3
  1555 | D:2      | Noticed Natasha
  1567 | D:2      | Gained mutation: Armour fits poorly on your strangely
                  | shaped body. [potion of mutation]
  1567 | D:2      | Gained mutation: You occasionally shout uncontrollably at
                  | your foes. [potion of mutation]
  1570 | D:2      | Killed Natasha
  1571 | D:2      | Reached skill level 6 in Fighting
  1571 | D:2      | Reached XP level 4. HP: 8/44 MP: 4/4
  1575 | D:2      | Noticed Natasha
  1578 | D:2      | HP: 2/44 [Natasha (7)]
  1579 | D:2      | Slain by Natasha

Illustrated notes

Levels and vault maps discovered:
D:1:      mrwooster_arrival_statue_3, layout_loops_cross,
          shapermc_ecumenical_altar_ellora
D:2:      minmay_angry_zag, layout_loops_ring, hangedman_decor_push,
          uniq_natasha, uniq_crazy_yiuf_cottage

Skill      XL: |  1  2  3 |
---------------+----------+-----
Fighting       | 4 5 6 |  6.0
Long Blades    | |  2.4
Armour         | |  2.4
Dodging        | |  1.1
Invocations    | |  1.7

Action                   |  1- 3 |  4- 6 || total
-------------------------+-------+-------++-------
Melee: Falchion          |    82 |     1 ||    83
       Headbutt          |    15 |       ||    15
  Use: Potion            |     2 |       ||     2
Armor: Leather armour    |    19 |       ||    19
Dodge: Dodged            |    43 |       ||    43
       Rpst.: Falchion   |     9 |       ||     9
